 Dungeon Crawl Stone Soup version 0.31-a0-229-g1fc7ce93e2 (webtiles) character file.

Game seed: 11221309750731571695

1288 qw the Skirmisher (level 8, -4/49 HPs)
             Began as a Gargoyle Hexslinger on July 6, 2023.
             Shot with an arrow by a centaur (10 damage)
             ... on level 6 of the Dungeon.
             The game lasted 00:02:13 (4432 turns).

qw the Skirmisher (Gargoyle Hexslinger)             Turns: 4432, Time: 00:02:13

Health: -4/49      AC: 14    Str: 17    XL:     8   Next: 55%
Magic:  9/9        EV: 11    Int: 15    God:
Gold:   286        SH:  0    Dex: 14    Spells: 8/9 levels left

rFire   . . .        Y - +1 sling (freeze)
rCold   + . .        (no shield)
rNeg    + . .        j - +0 ring mail
rPois   inf          m - +2 hat
rElec   +            a - +0 cloak
rCorr   .            (no gloves)
SInv    .            (no boots)
Will    .....        f - amulet of regeneration
Stlth   +            g - +6 ring of strength
HPRegen 1.08/turn    q - ring of protection from cold
MPRegen 0.11/turn

%: no passive effects
@: no status effects
A: sickness immunity, AC +5, negative energy resistance 1, electricity
resistance, torment resistance 1, petrification resistance
a: no special abilities


You were on level 6 of the Dungeon.
You visited 1 branch of the dungeon, and saw 6 of its levels.

You collected 286 gold pieces.


Innate Abilities, Weirdness & Mutations

You are immune to sickness and miasma.
Your stone body is resilient. (AC +5)
You are immune to poison.
You resist negative energy. (rN+)
You are resistant to electric shocks. (rElec)
You are resistant to unholy torment.
You are immune to petrification.


   Skills:
 - Level 5.0 Fighting
 + Level 8.6 Ranged Weapons
 - Level 3.2 Armour
 - Level 1.5 Dodging
 - Level 1.0 Spellcasting
 - Level 2.6 Hexes


You had 8 spell levels left.
You knew the following spells:

 Your Spells              Type           Power      Damage    Failure   Level
a - Slow                  Hex            32%        N/A       14%         1

Your spell library contained the following spells:

 Spells                   Type           Power      Damage    Failure   Level
 Inner Flame              Hex/Fire       4%         N/A       58%         3
 Portal Projectile        Hex/Tloc       8%         N/A       58%         3
 Cause Fear               Hex            4%         N/A       82%         4

Inventory:

Hand Weapons
 Y - a +1 sling of freezing (weapon)
Armour
 a - a +0 cloak (worn)
 j - a +0 ring mail (worn)
 m - a +2 hat (worn)
Jewellery
 f - an amulet of regeneration (around neck)
 g - a +6 ring of strength (left hand)
 o - a ring of ice
 q - a ring of protection from cold (right hand)
 r - a ring of fire
Scrolls
 p - a scroll of revelation {unknown}
 s - a scroll of identify
 t - a scroll of summoning {unknown}
Potions
 b - 2 potions of ambrosia {unknown}
 c - a potion of invisibility {unknown}
 d - a potion of lignification {unknown}
 e - a potion of enlightenment {unknown}
 h - 2 potions of haste {unknown}
 i - 2 potions of curing
 l - a potion of mutation {unknown}
 n - a potion of might {unknown}

Dungeon Overview and Level Annotations

Branches:
Dungeon (6/15)             Temple (0/1) D:6

Altars:
Wu Jian

Annotations:
D:5 4 runed translucent doors, Crazy Yiuf; qw's ghost, novice DEHu


Message History

The gnoll hits you but does no damage.
You shoot a sling bullet. The sling bullet hits the gnoll!
The sling bullet freezes the gnoll.
The gnoll is severely wounded.
The gnoll hits you from afar with a +0 spear.
The gnoll closely misses you. The gnoll hits you with a +0 flail.
4427 ||| DRINKING potion of heal wounds.
You feel much better. The gnoll closely misses you.
The gnoll hits you from afar with a +0 halberd!
The gnoll misses you.
You shoot a sling bullet.
The sling bullet barely misses the gnoll.
The sling bullet barely misses the centaur.
The gnoll closely misses you. The gnoll misses you.
The gnoll hits you with a +0 flail.
You shoot a sling bullet.
The sling bullet closely misses the gnoll.
The sling bullet barely misses the centaur.
The gnoll barely misses you.
The gnoll hits you from afar with a +0 halberd.
The gnoll misses you.
You shoot a sling bullet. The sling bullet hits the gnoll.
The sling bullet freezes the gnoll.
You kill the gnoll!
The centaur wields a +0 orcbow.
The centaur shoots an arrow.
The arrow misses you.
The gnoll hits you but does no damage. x2
You shoot a sling bullet.
The sling bullet barely misses the centaur.
The centaur shoots an arrow.
The arrow hits you. The gnoll hits you but does no damage.
The gnoll misses you.
The centaur shoots an arrow.
The arrow hits you but does no damage.
You shoot a sling bullet. The sling bullet hits the centaur!
The sling bullet freezes the centaur.
The centaur is heavily wounded.
The centaur shoots an arrow.
The arrow hits you but does no damage. The gnoll closely misses you.
The gnoll hits you from afar with a +0 halberd!
The centaur shoots an arrow.
The arrow hits you!
You die...

#...#........... .
...#...............### .
#(.....................
..#..................##.#
#..#................. ...
#..................###..#
.#...)gcg..#.....#.....#
#..)..#)####.........#..
#.gg#..#@####.........#..
g..#...)....#............
> ####..#.............##
....###............#.
..#..# ##....###.#....
...# #...## #.#...# #..#
#..... #..)..# ....
#.#.#.......## ..#
..#.#.......#


You could see a centaur and 2 gnolls.

Vanquished Creatures
  A water moccasin (D:5)
  2 ice beasts (D:5)
  An ogre (D:3)
  2 scorpions
  3 gnoll boudas
  4 hounds
  4 orc priests
  4 iguanas
  A sleepcap (D:5)
  3 orc wizards
  9 gnolls
  5 adders
  An ufetubus (D:5)
  4 worms
  5 dart slugs
  10 orcs
  8 endoplasms
  A giant cockroach (D:4)
  4 goblins
  8 hobgoblins
  10 jackals
  2 quokkas (D:2)
  3 ball pythons
  7 bats
  8 frilled lizards
  11 kobolds
  3 rats
124 creatures vanquished.

Notes
Turn   | Place    | Note
-------+----------+-------------------------------------------
     0 | D:1      | qw the Gargoyle Hexslinger began the quest for the Orb.
     0 | D:1      | Reached XP level 1. HP: 12/12 MP: 2/2
     0 | D:1      | 0 ||| qw: Version: 0.3-a-46-gb1f654a
     0 | D:1      | 0 ||| qw: Game counter: 1402
     0 | D:1      | 0 ||| qw: Melee chars always use a shield: true
     0 | D:1      | 0 ||| qw: God list: Okawaru
     0 | D:1      | 0 ||| qw: Allow faded altars: false
     0 | D:1      | 0 ||| qw: Do Orc after clearing Dungeon:15 true
     0 | D:1      | 0 ||| qw: Do second Lair branch before Depths: true
     0 | D:1      | 0 ||| qw: Lair rune preference: random
     0 | D:1      | 0 ||| qw: Goals: Normal
     0 | D:1      | 0 ||| PLANNING D:1-11
   184 | D:1      | Reached XP level 2. HP: 16/16 MP: 3/3
   260 | D:1      | Reached skill level 3 in Ranged Weapons
   478 | D:1      | 478 ||| FLEEEEING.
   480 | D:1      | 480 ||| FLEEEEING.
   481 | D:1      | 481 ||| FLEEEEING.
   647 | D:1      | 647 ||| UPGRADING to amulet of regeneration.
   652 | D:1      | 652 ||| READING scroll labelled HAXANGO JOKIFE.
   653 | D:1      | 653 ||| DROPPING scroll of poison.
   684 | D:2      | Reached XP level 3. HP: 16/21 MP: 4/4
  1295 | D:2      | 1295 ||| UPGRADING to +0 cloak.
  1300 | D:2      | 1300 ||| UPGRADING to +0 ring mail.
  1310 | D:2      | 1310 ||| DROPPING +0 robe.
  1311 | D:2      | 1311 ||| UPGRADING to +0 helmet.
  1316 | D:2      | 1316 ||| DROPPING amulet of the acrobat.
  1317 | D:2      | 1317 ||| READING 2 scrolls labelled LURUGR UROLOO.
  1318 | D:2      | 1318 ||| READING scroll labelled UPUIMU HESIRPH.
  1319 | D:2      | 1319 ||| READING scroll labelled XUGOTU PA AJIRGH.
  1320 | D:2      | 1320 ||| READING scroll labelled UDUARA JAFOFE.
  1324 | D:2      | 1324 ||| DROPPING scroll of amnesia.
  1349 | D:3      | Noticed an ogre
  1353 | D:3      | Killed an ogre
  1354 | D:3      | Reached skill level 3 in Armour
  1354 | D:3      | Reached XP level 4. HP: 26/26 MP: 5/5
  1354 | D:3      | Reached XP level 5. HP: 30/30 MP: 6/6
  1512 | D:3      | Found an ornate altar of the Wu Jian Council.
  1747 | D:3      | Reached skill level 4 in Ranged Weapons
  1803 | D:3      | HP: 7/30 [orc/+0 hand axe (4)]
  1870 | D:3      | Found a faded altar of an unknown god.
  2124 | D:3      | 2124 ||| UPGRADING to +6 ring of strength.
  2125 | D:3      | 2125 ||| UPGRADING to ring of protection from cold.
  2126 | D:3      | 2126 ||| READING scroll labelled TUODES NUSIN.
  2127 | D:3      | 2127 ||| READING scroll labelled JASTYG VUJIOTH.
  2127 | D:3      | Identified a scroll of acquirement
  2127 | D:3      | 2127 ||| ACQUIRING +2 hat
  2127 | D:3      | Acquired a +2 hat
  2129 | D:3      | 2129 ||| UPGRADING to +2 hat.
  2139 | D:3      | 2139 ||| DROPPING +0 helmet.
  2140 | D:3      | 2140 ||| DRINKING 3 fizzy clear potions.
  2191 | D:4      | Reached XP level 6. HP: 35/35 MP: 7/7
  2266 | D:4      | 2266 ||| Stepping ~*~*~tactically~*~*~ (outnumbered).
  2269 | D:4      | Reached skill level 5 in Ranged Weapons
  2281 | D:4      | HP: 9/36 [something (4)]
  2282 | D:4      | 2282 ||| DRINKING 2 potions of heal wounds.
  2396 | D:4      | Reached skill level 3 in Fighting
  2597 | D:4      | Reached skill level 6 in Ranged Weapons
  2597 | D:4      | Reached XP level 7. HP: 41/41 MP: 8/8
  2850 | D:4      | 2850 ||| DRINKING 2 fizzy coppery potions.
  2851 | D:4      | 2851 ||| DRINKING 2 bubbling pink potions.
  2852 | D:4      | 2852 ||| DROPPING potion of brilliance.
  2883 | D:5      | Entered Level 5 of the Dungeon
  2884 | D:5      | 2884 ||| PLANNING OSSUARY
  3199 | D:5      | Found a runed translucent gate.
  3199 | D:5      | Found a runed translucent gate.
  3199 | D:5      | Found a runed translucent gate.
  3201 | D:5      | Noticed qw's ghost (novice DEHu)
  3273 | D:5      | 3273 ||| FLEEEEING.
  3274 | D:5      | 3274 ||| FLEEEEING.
  3276 | D:5      | 3276 ||| FLEEEEING.
  3387 | D:5      | Reached skill level 7 in Ranged Weapons
  3589 | D:5      | 3589 ||| RIP OSSUARY
  3693 | D:5      | 3693 ||| PLANNING D:1-11
  3732 | D:5      | Found a runed translucent door.
  3733 | D:5      | Noticed Crazy Yiuf
  3791 | D:5      | Reached XP level 8. HP: 48/48 MP: 9/9
  4107 | D:6      | 4107 ||| STAIRDANCE
  4121 | D:5      | HP: 12/48 [gnoll/+0 club[a gnoll bouda] (3)]
  4122 | D:5      | 4122 ||| DRINKING 2 potions of heal wounds.
  4135 | D:5      | Reached skill level 8 in Ranged Weapons
  4216 | D:6      | 4216 ||| STAIRDANCE
  4401 | D:6      | Found a staircase to the Ecumenical Temple.
  4402 | D:6      | 4402 ||| PLANNING TEMPLE
  4402 | D:6      | 4402 ||| Stepping ~*~*~tactically~*~*~ (outnumbered).
  4410 | D:6      | 4410 ||| Stepping ~*~*~tactically~*~*~ (outnumbered).
  4426 | D:6      | HP: 12/49 [gnoll/+0 spear[a gnoll bouda] (6)]
  4427 | D:6      | 4427 ||| DRINKING potion of heal wounds.
  4431 | D:6      | HP: 11/49 [centaur/arrow (2)]
  4432 | D:6      | Shot with an arrow by a centaur

Levels and vault maps discovered:
D:1:      dpeg_arrival_more_subterranean_lakeside_camping, layout_loops_ring
D:2:      layout_basic
D:3:      layout_basic, mainiacjoe_overflow_boulevard, basic_ecumenical_altar
D:4:      layout_loops_cross
D:5:      layout_basic, ebering_ghost_rock_garden, enter_ossuary_5,
          uniq_crazy_yiuf_cottage
D:6:      layout_rooms, minmay_temple_entry_arrows, hex_tiny

Skill      XL: |  1  2  3  4  5  6  7  8 |
---------------+-------------------------+-----
Ranged Weapons | 3 4 6 7 8 |  8.6
Fighting       | 2 3 4 5 |  5.0
Armour         | 3 |  3.2
Dodging        | |  1.5
Spellcasting   | |  1.0
Hexes          | |  2.6

Action                     |  1- 3 |  4- 6 |  7- 9 || total
---------------------------+-------+-------+-------++-------
   Fire: Sling             |   136 |   190 |   268 ||   594
    Use: Scroll            |     5 |     2 |       ||     7
         Potion            |       |     2 |     4 ||     6
 Armour: Robe              |    23 |       |       ||    23
         Ring mail         |       |    89 |   169 ||   258
  Dodge: Dodged            |    50 |    83 |   200 ||   333

Table legend:
 A = Non-vault XP
 B = Vault XP
 C = Vault XP percentage of total XP
 D = Non-vault monster count
 E = Vault monster count
 F = Vault count percentage of total count
                 A         B        C        D         E       F
            +---------+---------+-------+---------+---------+-------
      Total |    1840 |       0 |   0.0 |     124 |       0 |   0.0
            +---------+---------+-------+---------+---------+-------
        D:1 |      32 |       0 |   0.0 |      17 |       0 |   0.0
        D:2 |      49 |       0 |   0.0 |      24 |       0 |   0.0
        D:3 |     193 |       0 |   0.0 |      21 |       0 |   0.0
        D:4 |     391 |       0 |   0.0 |      23 |       0 |   0.0
        D:5 |     887 |       0 |   0.0 |      30 |       0 |   0.0
        D:6 |     288 |       0 |   0.0 |       9 |       0 |   0.0
            +---------+---------+-------+---------+---------+-------
